 Dungeon Crawl Stone Soup version 0.29-a0-632-g781b4ac09e (webtiles) character file.

Game seed: 6538828206961760762

7 BritishOli the Skirmisher (level 1, -1/18 HPs)
             Began as a Demonspawn Fighter on June 18, 2022.
             Slain by a goblin
             ... wielding a +0 club
              (3 damage)
             ... on level 1 of the Dungeon.
             The game lasted 00:00:10 (286 turns).

BritishOli the Skirmisher (Demonspawn Fighter)       Turns: 286, Time: 00:00:10

Health: -1/18      AC:  6    Str: 16    XL:     1   Next: 83%
Magic:  1/1        EV:  8    Int:  9    God:
Gold:   29         SH:  4    Dex: 12    Spells: 0/0 levels left

rFire   . . .      SeeInvis .   a - +0 long sword
rCold   . . .      Faith    .   c - +0 buckler
rNeg    . . .      Spirit   .   b - +0 scale mail
rPois   .          Reflect  .   (no helmet)
rElec   .          Harm     .   (no cloak)
rCorr   .          Rampage  .   (no gloves)
Will    .....                   (no boots)
Stlth   ..........              (no amulet)
HPRegen 0.06/turn               (no ring)
MPRegen 0.07/turn               (no ring)

@: no status effects
A: no striking features
a: no special abilities


You were on level 1 of the Dungeon.
You visited 1 branch of the dungeon, and saw 1 of its levels.

You collected 29 gold pieces.

Inventory:

Hand Weapons
 a - a +0 long sword (weapon)
Armour
 b - a +0 scale mail (worn)
 c - a +0 buckler (worn)
Scrolls
 e - a scroll of fear {unknown}
Potions
 d - a potion of might
 f - a potion of attraction {unknown}
 g - a potion of curing {unknown}


   Skills:
 + Level 3.1 Fighting
 + Level 1.9 Long Blades
 + Level 2.8 Armour
 + Level 2.8 Shields


You couldn't memorise any spells.
You didn't know any spells.
Your spell library contained the following spells:

 Spells                   Type           Power      Damage    Failure   Level
 Shock                    Conj/Air       0%         1d3       88%         1
 Swiftness                Air            0%         N/A       99%         3
 Airstrike                Air            0%         N/A       100%        4


Dungeon Overview and Level Annotations

Branches:
Dungeon (1/15)

Altars:


Message History

You barely miss the giant cockroach. The giant cockroach bites you.
The goblin barely misses you.
There are monsters nearby!
You barely miss the giant cockroach. The giant cockroach barely misses you.
The goblin hits you with a +0 club.
The giant cockroach bites you but does no damage.
The goblin closely misses you.
There are monsters nearby!
You are too injured to fight recklessly!
There are monsters nearby!
You are too injured to fight recklessly!
There are monsters nearby!
You are too injured to fight recklessly!
There are monsters nearby!
You are too injured to fight recklessly!
You closely miss the goblin. The giant cockroach closely misses you.
The goblin closely misses you.
The giant cockroach bites you but does no damage.
You hit the goblin but do no damage. The goblin barely misses you.
The giant cockroach bites you but does no damage.
You barely miss the goblin. The giant cockroach barely misses you.
The goblin hits you with a +0 club. The giant cockroach closely misses you.
The goblin closely misses you.
You barely miss the goblin.
The giant cockroach bites you but does no damage.
You block the goblin's attack.
The giant cockroach bites you but does no damage.
You closely miss the goblin. The goblin hits you with a +0 club.
* * * LOW HITPOINT WARNING * * *
The giant cockroach bites you but does no damage.
You miss the goblin.
The giant cockroach bites you but does no damage.
The goblin hits you with a +0 club.
* * * LOW HITPOINT WARNING * * *
You block the goblin's attack. The giant cockroach bites you.
* * * LOW HITPOINT WARNING * * *
You hit the goblin but do no damage.
The giant cockroach bites you but does no damage.
The goblin hits you with a +0 club.
You die...

.#..# #.. #....
#.... #....
..... # #....
##.....
#.#....#$$#....
#..#..#....#..#
#.#.#.Bg...#.#
#..#..@.....#..
#...##....##..#
#.#....####...#
....#.#......#..
# .. ###.#####..
#. #.......# #
#.####### #.#
#.#


You could see a giant cockroach and a goblin.

Vanquished Creatures
  2 endoplasms (D:1)
  A giant cockroach (D:1)
  2 kobolds (D:1)
  A rat (D:1)
6 creatures vanquished.

Notes
Turn   | Place    | Note
-------+----------+-------------------------------------------
     0 | D:1      | BritishOli the Demonspawn Fighter began the quest for the
                  | Orb.
     0 | D:1      | Reached XP level 1. HP: 18/18 MP: 1/1
   286 | D:1      | Slain by a goblin

Illustrated notes

Levels and vault maps discovered:
D:1:      dpeg_arrival_three_bigger_balls, layout_loops_ring,
          hangedman_decor_diamond_cutter, minmay_circled_x

Action                   || total
-------------------------++-------
Melee: Long sword        ||    16
Armor: Scale mail        ||    10
Dodge: Dodged            ||    13
Block: Buckler           ||     4

Table legend: (Time is in decaauts)
 A = Elapsed time spent in this place.
 B = Non-inter-level travel time spent in this place.
 C = Inter-level travel time spent in this place.
 D = Time resting spent in this place.
 E = Time spent auto-exploring this place.
 F = Levels seen in this place.
 G = Mean time per level.
                   A        B        C        D        E       F      G
               +--------+--------+--------+--------+--------+-----+--------+
         Total |    291 |    291 |      0 |      0 |    244 |   1 |  291.0 |
       Dungeon |    291 |    291 |      0 |      0 |    244 |   1 |  291.0 |
               +--------+--------+--------+--------+--------+-----+--------+

Top non-repeatable levels by time:
     D:1: 291 daAuts
